 Dungeon Crawl Stone Soup version 0.29.1-2-gbd0b4ee654 (webtiles) character file.

Game seed: 8423635278783617262

118 qeuew the Ducker (level 5, 0/40 HPs)
             Began as a Merfolk Gladiator on Nov 13, 2022.
             Slain by an orc
             ... wielding a +0 whip
              (5 damage)
             ... on level 3 of the Dungeon.
             The game lasted 00:03:38 (2708 turns).

qeuew the Ducker (Merfolk Gladiator)                Turns: 2708, Time: 00:03:38

Health: 0/40       AC:  6    Str: 16    XL:     5   Next: 2%
Magic:  5/5        EV: 13    Int:  7    God:
Gold:   209        SH:  0    Dex: 16    Spells: 4/4 levels left

rFire   . . .      SeeInvis .   a - +0 trident
rCold   . . .      Faith    .   (no shield)
rNeg    . . .      Spirit   .   h - +0 ring mail
rPois   +          Reflect  .   c - +0 helmet
rElec   .          Harm     .   (no cloak)
rCorr   .          Rampage  .   (no gloves)
Will    .....                   (no boots)
Stlth   ..........              (no amulet)
HPRegen 0.13/turn               (no ring)
MPRegen 0.09/turn               (no ring)

@: confused
A: (nimble swimmer 2), mertail, sense surroundings 1, poison resistance, wild
magic 1
a: no special abilities


You were on level 3 of the Dungeon.
You visited 1 branch of the dungeon, and saw 4 of its levels.

You collected 209 gold pieces.

Inventory:

Hand Weapons
 a - a +0 trident (weapon)
Missiles
 d - 3 throwing nets (quivered)
 e - a javelin
Armour
 c - a +0 helmet (worn)
 h - a +0 ring mail (worn)
Potions
 i - a potion of cancellation


   Skills:
 + Level 2.9 Fighting
 + Level 4.6 Polearms
 + Level 2.7 Throwing
 + Level 1.0 Armour
 * Level 5.4 Dodging


You had 4 spell levels left.
You didn't know any spells.
Your spell library contained the following spells:

 Spells                   Type           Power      Damage    Failure   Level
 Slow                     Hex            0%         N/A       73%         1
 Ensorcelled Hibernation  Hex/Ice        0%         N/A       86%         2
 Scorch                   Fire           0%         2d5       86%         2
 Confusing Touch          Hex            0%         N/A       97%         3
 Spider Form              Tmut/Pois      0%         N/A       97%         3
 Vampiric Draining        Necr           0%         2d6       97%         3
 Anguish                  Hex/Necr       0%         N/A       100%        4
 Flame Wave               Conj/Fire      0%         2d4       100%        4
 Summon Cactus Giant      Summ           0%         N/A       100%        6


Dungeon Overview and Level Annotations

Branches:
Dungeon (4/15)
 Temple: D:4-7

Altars:
Cheibriados

Shops:
D:3 [

Annotations:
D:4 Sigmund


Innate Abilities, Weirdness & Mutations

((You are very nimble when in or above water. (Stealth+, EV+, Speed+++)))
Your lower body shifts to a powerful aquatic tail in water.
You passively map a small area around you.
Your system is resistant to poisons. (rPois)
Your spells are a little harder to cast, but a little more powerful.


Message History

You hit the orc wizard.
The orc wizard is moderately wounded.
The orc closely misses you.
The orc wizard hits you but does no damage.
You barely miss the orc wizard.
The orc wizard is moderately wounded.
The orc misses you.
The orc wizard points at you and mumbles some strange words.
The magic dart hits you!
You are too injured to fight recklessly!
You are too injured to fight recklessly!
You are too injured to fight recklessly!
You are too injured to fight recklessly!
You are too injured to fight recklessly!
You are too injured to fight recklessly!
You are too injured to fight recklessly!
You are too injured to fight recklessly!
You are too injured to fight recklessly!
You are too injured to fight recklessly!
You are too injured to fight recklessly!
You are too injured to fight recklessly!
You closely miss the orc wizard.
The orc wizard is moderately wounded.
The orc hits you with a +0 whip.
* * * LOW HITPOINT WARNING * * *
The orc wizard hits you but does no damage.
You hit the orc wizard.
The orc wizard is moderately wounded.
The orc hits you with a +0 whip.
* * * LOW HITPOINT WARNING * * *
The orc wizard hits you with a +0 dagger.
* * * LOW HITPOINT WARNING * * *
You hit the orc wizard.
The orc wizard is heavily wounded.
The orc hits you with a +0 whip.
* * * LOW HITPOINT WARNING * * *
The orc wizard points at you and mumbles some strange words.
You are confused.
You bump into the rock wall.
The orc hits you with a +0 whip.
You die...

#.# #.#######.##.##. #.#
#............... #.#
##.############# ####.# #.#
#....# #.# #.#### #.############
#####†## #............# (......#
#####.##########.## .......#
#.@o............... .......#
#o#####..#######.##
.......########.# #..# #.##
.......##.......# #..### #.##
..?....##.#####.# #...[# ##.##
.......##.# #.#####.##.####...#
###.#####.#####.......##.##......
#.#####.##...##...........#...#
#>................####.#..##.##


You could see an orc wizard and an orc.

Vanquished Creatures
  8 adders
  A dart slug (D:2)
  4 orcs (D:3)
  7 ball pythons
  2 bats (D:1)
  4 endoplasms
  A giant cockroach (D:2)
  2 goblins
  5 hobgoblins
  2 quokkas
  3 frilled lizards
  A rat (D:1)
40 creatures vanquished.

Notes
Turn   | Place    | Note
-------+----------+-------------------------------------------
     0 | D:1      | qeuew the Merfolk Gladiator began the quest for the Orb.
     0 | D:1      | Reached XP level 1. HP: 16/16 MP: 1/1
   425 | D:1      | Reached XP level 2. HP: 19/22 MP: 2/2
   824 | D:1      | Gained mutation: You passively map a small area around you.
                  | [potion of mutation]
   824 | D:1      | Gained mutation: Your system is resistant to poisons.
                  | (rPois) [potion of mutation]
   824 | D:1      | Gained mutation: Your spells are a little harder to cast,
                  | but a little more powerful. [potion of mutation]
   974 | D:2      | Reached XP level 3. HP: 14/28 MP: 3/3
  2005 | D:3      | Reached skill level 5 in Dodging
  2005 | D:3      | Reached XP level 4. HP: 32/34 MP: 4/4
  2180 | D:3      | Found Qaevyas's Antique Armour Shop.
  2332 | D:3      | Found a snail-covered altar of Cheibriados.
  2447 | D:3      | Reached skill level 1 in Armour
  2492 | D:3      | Reached XP level 5. HP: 40/40 MP: 5/5
  2685 | D:4      | Noticed Sigmund
  2708 | D:3      | Slain by an orc

Illustrated notes

Levels and vault maps discovered:
D:1:      dpeg_arrival_tiny_h, layout_loops_cross, minmay_tree_intersection,
          nicolae_concentric_dashed_squares_wild, feat_on_display
D:2:      layout_loops_cross
D:3:      layout_loops_ring, mainiacjoe_overflow_alcove_2, serial_shops, shop
D:4:      layout_layer_cave, cheibrodos_ashenzari_chains, uniq_sigmund

Skill      XL: |  1  2  3  4 |
---------------+-------------+-----
Dodging        | 5 |  5.4
Armour         | 1 |  1.0
Fighting       | |  2.9
Polearms       | |  4.6
Throwing       | |  2.7

Action                   |  1- 3 |  4- 6 || total
-------------------------+-------+-------++-------
Melee: Trident           |    90 |    48 ||   138
       Punch             |       |     1 ||     1
  Use: Potion            |     4 |     1 ||     5
       Scroll            |     5 |     2 ||     7
 Stab: Sleeping          |     1 |       ||     1
Armor: Leather armour    |    20 |       ||    20
       Ring mail         |       |    14 ||    14
Dodge: Dodged            |    40 |    39 ||    79
